 Dungeon Crawl Stone Soup version 0.21-a0-94-gdd6ab6a (webtiles) character file.

119906 Alarkh the Severer (level 16, -1/128 HPs)
             Began as a Demonspawn Monk on June 30, 2017.
             Was the Champion of Okawaru.
             Slain by an entropy weaver (10 damage)
             ... on level 1 of the Spider Nest on July 1, 2017.
             The game lasted 01:09:15 (30807 turns).

Alarkh the Severer (Demonspawn Monk)               Turns: 30807, Time: 01:09:16

Health: -1/128     AC:  4    Str: 13    XL:     16   Next: 28%
Magic:  0/22       EV: 24    Int: 16    God:    Okawaru [******]
Gold:   1656       SH:  0    Dex: 28    Spells: 9/15 levels left

rFire    . . .     SeeInvis +   P - +4 battleaxe (venom)
rCold    . . .     Gourm    .   (shield currently unavailable)
rNeg     . . .     Faith    .   l - +3 troll leather armour
rPois    .         Spirit   +   (helmet unavailable)
rElec    .         Reflect  .   q - scarf {cloud immunity}
rCorr    .         Harm     .   s - +2 pair of gloves {Dex+3}
MR       ++...                  t - +0 pair of boots {Stlth+}
Stlth    +++++.....             x - amulet of guardian spirit
HPRegen  4.71/turn              D - ring of protection from magic
MPRegen  0.18/turn              J - ring "City" {Wiz Dex+6}

@: corroded
A: antennae 3, talons 1, slimy green scales 2, agile 1, nightstalker 1, sense
surroundings 1, powered by death 3, screaming 1, wild magic 1
a: Heroism, Finesse, Renounce Religion


You were on level 1 of the Spider Nest.
You worshipped Okawaru.
Okawaru was exalted by your worship.
You were not hungry.

You visited 5 branches of the dungeon, and saw 25 of its levels.
You visited the Abyss 1 time.
You also visited: Labyrinth and Volcano.

You collected 2778 gold pieces.
You spent 1122 gold pieces at shops.

Inventory:

Hand Weapons
 a - a +4 executioner's axe of chopping
 b - a +1 battleaxe of flaming
 P - a +4 battleaxe of venom (weapon)
Armour
 d - the +0 pair of gloves "Xeabusto" {rElec Str+3}
   (You found it on level 4 of the Lair of Beasts)

   It affects your strength (+3).
   It insulates you from electricity.
 l - a +3 troll leather armour (worn)
 q - a scarf of cloud immunity (worn)
 s - a +2 pair of gloves of dexterity (worn)
 t - a +0 pair of boots of stealth (worn)
Jewellery
 x - an amulet of guardian spirit (around neck)
 D - a ring of protection from magic (left hand)
 F - an uncursed ring of protection from cold
 J - the ring "City" (right hand) {Wiz Dex+6}
   (You found it in a labyrinth)

   [ring of wizardry]

   It improves your spell success rate.
   It affects your dexterity (+6).
 V - an uncursed ring of fire
Wands
 B - a wand of clouds (4/9)
 C - a wand of iceblast (1/15)
 G - a wand of digging (11/24)
 Y - a wand of clouds (5/9)
Scrolls
 e - a scroll of identify
 k - 4 scrolls of teleportation
 o - 3 scrolls of fog
 r - 9 scrolls of remove curse
 v - 2 scrolls of blinking
 y - 2 scrolls of fear
 H - 2 scrolls of magic mapping
 I - 4 scrolls of recharging
Potions
 f - 2 potions of mutation
 g - 4 potions of cancellation
 h - 9 potions of curing
 i - 4 potions of flight
 m - 3 potions of invisibility
 n - 3 potions of heal wounds
 p - a potion of berserk rage
 u - 3 potions of might
 S - a potion of agility
 W - 3 potions of haste
Miscellaneous
 U - a lightning rod (4/4)
Comestibles
 c - 15 bread rations
 j - a royal jelly
 w - 10 chunks of flesh


   Skills:
 - Level 12.3 Fighting
 + Level 17.9 Axes
 - Level 10.9 Armour
 - Level 11.4 Dodging
 - Level 1.7 Stealth
 - Level 9.0 Invocations


You had 9 spell levels left.
You knew the following spells:

 Your Spells              Type           Power        Failure   Level  Hunger
d - Deflect Missiles      Chrm/Air       #.........   100%        6    #######


Dungeon Overview and Level Annotations

Branches:
Dungeon (15/15)            Temple (1/1) D:4            Lair (6/6) D:8
 Shoals (0/4) Lair:4       Spider (1/4) Lair:3        Slime (0/5) Lair:6
    Orc (2/2) D:9             Elf (0/3) Orc:2        Vaults (0/5) D:13
 Depths (0/5) D:15

Altars:
Ashenzari
Cheibriados
Dithmenos
Elyvilon
Fedhas
Gozag
Hepliaklqana
Kikubaaqudgha
Makhleb
Nemelex Xobeh
Okawaru
Qazlal
Ru
Sif Muna
Trog
Uskayaw
Vehumet
Wu Jian
Xom
Yredelemnul
Zin
The Shining One
Beogh

Shops:
D:5 *!   D:8 ?   D:14 :   Orc:1 ?   Orc:2 [([[


Innate Abilities, Weirdness & Mutations

You have a pair of large antennae on your head. (SInv)
You are mostly covered in slimy green scales. (AC +3)
You are slightly more attuned to the shadows.
You regenerate a lot of health from kills.
You have sharp toenails.
You are agile. (Dex +2)
You passively map a small area around you.
You occasionally shout uncontrollably at your foes.
Your spells are a little harder to cast, but a little more powerful.


Message History

The entropy weaver closely misses you. The entropy weaver barely misses you.
Unknown command.
You slash the entropy weaver!
The entropy weaver looks as sick as possible!
The entropy weaver is almost dead.
The entropy weaver hits you!
* * * LOW HITPOINT WARNING * * *
The entropy weaver misses you. The entropy weaver closely misses you.
The entropy weaver hits you.
* * * LOW HITPOINT WARNING * * *
You feel much better.
The entropy weaver completely misses you. x2
The entropy weaver hits you!
* * * LOW HITPOINT WARNING * * *
The entropy weaver completely misses you.
The entropy weaver hits you!
* * * LOW HITPOINT WARNING * * *
The entropy weaver completely misses you.
The entropy weaver hits you!
You die...

.#..##*..#..#####.###^##.####
.....# #...#..###.# #.##....###
....^##.###......#####...†....#
.#...## #....†...##.........#
..#.##** #.......a......##...#
....# * #.#..##.....)..#####.#
....# ####$####....##. #.#
###..##* #...^##.#### ..* #.#
##*...## *#.#†$a@##. .. *#.#
.###...###..#.#### *, *, #.###
##......####(#. * ###....
....#....#### # ###### ###..##.#
..#......{..#####...[####....#...
..<[....#{......#..#...#...#.....
............#.#...........###.#..
.........#...###......##### ####.
............## ######## ##.†


You could see an entropy weaver.

Vanquished Creatures
  Kirke (D:12)
  A fire giant (D:15)
  3 orc warlords
  2 entropy weavers (Spider:1)
  The ghost of Yermak the Slinger, a journeyman HaCK of Xom (Volcano)
  The ghost of Kenran the Geomancer, a journeyman DgEE (D:10)
  Snorg (Orc:2)
  A minotaur (Lab)
  Fannar (D:12)
  4 hydras
  An ogre mage (D:13)
  2 vault guards (D:13)
  3 catoblepae (Lair:6)
  10 two-headed ogres
  Harold (Lair:3)
  2 centaur warriors
  6 death yaks (Lair:6)
  A death knight (D:14)
  A tengu warrior (D:12)
  A hell hog (Volcano)
  A queen ant (Spider:1)
  Urug (D:12)
  2 orc high priests (Orc:2)
  Sonja (Lair:3)
  A fire crab (Volcano)
  5 skeletal warriors
  An unseen horror (D:11)
  11 ugly things
  3 orb spiders (Spider:1)
  4 orc knights
  6 wolf spiders (Spider:1)
  A lindwurm (Lair:6)
  3 manticores
  A wolf spider zombie (D:14)
  A deep elf mage (D:14)
  Pikel (D:5)
  8 orc sorcerers
  An oklob plant (Lair:3)
  3 cyclopes
  2 molten gargoyles (Volcano)
  Maurice (D:12)
  2 moths of wrath (Spider:1)
  12 elephants
  5 black mambas
  2 gargoyles
  10 spiny frogs
  A centaur zombie (D:10)
  6 torpor snails
  A freezing wraith (D:14)
  3 demonic crawlers (Spider:1)
  2 centaur skeletons
  2 yaktaurs
  4 kobold demonologists
  7 komodo dragons
  An ancient zyme (Abyss:1)
  13 jumping spiders (Spider:1)
  2 minotaur zombies (Lab)
  2 polar bears
  9 trolls
  Prince Ribbit (D:8)
  8 blink frogs
  6 meliai
  Grinder (D:6)
  5 slime creatures (D:14)
  4 dream sheep (Lair:6)
  A meliai zombie (D:13)
  12 hippogriffs
  22 redbacks
  A shadow (D:14)
  3 wraiths
  2 fire bats (Volcano)
  6 tarantellas (Spider:1)
  A human (D:13)
  3 wyverns
  64 yaks
  2 steam dragons (Volcano)
  A hog (D:12)
  A basilisk (Lair:3)
  3 vampire mosquitoes
  Edmund (D:6)
  5 hungry ghosts
  Menkaure (D:6)
  8 wargs
  A soldier ant (Spider:1)
  2 acid dragons
  2 hell hounds (Volcano)
  11 water moccasins
  9 porcupines
  A phantom (D:12)
  43 orc warriors
  2 sky beasts
  An ice beast (D:10)
  The ghost of braks the Skirmisher, an amateur DrWz (D:3)
  7 ogres
  10 wolves (Lair:4)
  2 necrophages
  11 centaurs
  10 crocodiles
  An elf zombie (D:9)
  4 big kobolds
  8 bullfrogs
  A wyvern zombie (D:11)
  A wyvern skeleton (D:11)
  6 scorpions
  17 killer bees
  4 wights
  5 electric eels
  8 howler monkeys
  8 crimson imps
  5 bullfrog zombies
  9 lava snakes (Volcano)
  6 hounds
  4 jellies
  2 human zombies (D:9)
  13 orc priests
  29 orc wizards
  4 bullfrog skeletons
  2 human skeletons (D:9)
  4 iguanas
  11 worker ants
  A hound skeleton (D:8)
  A mummy (D:9)
  A worker ant zombie (D:7)
  8 gnolls
  A howler monkey skeleton (D:6)
  9 adders
  3 shadow imps
  A white imp (D:7)
  3 oozes (Lair:6)
  3 adder zombies
  A dart slug (D:1)
  3 leopard geckos
  124 orcs
  A ball python (D:1)
  7 giant cockroaches
  7 hobgoblins
  14 jackals
  17 kobolds
  6 quokkas
  9 goblins
  A leopard gecko skeleton (D:5)
  A leopard gecko zombie (D:5)
  2 orc skeletons (D:9)
  4 rats (D:1)
  A bush (Lair:6)
  3 fungi
  5 plants
850 creatures vanquished.

Vanquished Creatures (others)
  2 humans (D:12)
  2 slaves (D:5)
  An ogre (D:5)
  A quasit (D:5)
  A centaur skeleton (D:5)
  2 worker ants
  3 gnolls (D:5)
  A shadow imp (D:5)
  A worm (D:5)
  11 fungi
  13 plants
38 creatures vanquished.

Grand Total: 888 creatures vanquished

Notes
Turn   | Place    | Note
-------+----------+-------------------------------------------
     0 | D:1      | Alarkh the Demonspawn Monk began the quest for the Orb.
     0 | D:1      | Reached XP level 1. HP: 18/18 MP: 1/1
   145 | D:1      | Reached skill level 3 in Axes
   284 | D:1      | Gained mutation: You regenerate a little health from kills. [demonic ancestry]
   284 | D:1      | Reached XP level 2. HP: 13/24 MP: 2/2
   990 | D:1      | Gained mutation: You regenerate health from kills. [demonic ancestry]
   990 | D:1      | Reached XP level 3. HP: 18/29 MP: 3/3
  1161 | D:2      | Found an iron altar of Okawaru.
  1182 | D:2      | Became a worshipper of Warmaster Okawaru
  1182 | D:2      | Reached * piety under Okawaru
  1182 | D:2      | Reached ** piety under Okawaru
  1189 | D:2      | Found a hazy altar of Hepliaklqana.
  1380 | D:2      | Found a bloodstained altar of Trog.
  1806 | D:2      | Reached skill level 4 in Axes
  2847 | D:2      | Reached XP level 4. HP: 31/35 MP: 4/4
  3238 | D:3      | Noticed braks's ghost (amateur DrWz)
  3274 | D:3      | Killed braks's ghost
  3274 | D:3      | Reached skill level 5 in Axes
  3274 | D:3      | Gained mutation: You are partially covered in slimy green scales. (AC +2) [demonic ancestry]
  3274 | D:3      | Reached XP level 5. HP: 37/41 MP: 5/5
  3406 | D:3      | Noticed a centaur
  3422 | D:3      | Killed a centaur
  3422 | D:3      | Reached skill level 6 in Axes
  3645 | D:3      | Reached XP level 6. HP: 42/47 MP: 6/6
  3811 | D:4      | Found an opulent altar of Gozag.
  3817 | D:4      | Found an ancient bone altar of Kikubaaqudgha.
  4039 | D:4      | Found a staircase to the Ecumenical Temple.
  4184 | Temple   | Entered the Ecumenical Temple
  4619 | D:5      | Entered Level 5 of the Dungeon
  4630 | D:5      | Noticed a slave
  4632 | D:5      | Noticed a slave
  4633 | D:5      | Noticed Pikel
  4635 | D:5      | Noticed a slave
  4636 | D:5      | Noticed a slave
  4670 | D:5      | HP: 3/70 [Pikel/whip of electrocution (10)]
  4671 | D:5      | Killed Pikel
  4671 | D:5      | Reached *** piety under Okawaru
  4671 | D:5      | Reached skill level 8 in Axes
  4671 | D:5      | Reached XP level 7. HP: 3/52 MP: 7/7
  4672 | D:5      | Found Useuth's Assorted Antiques.
  4829 | D:5      | Found Leinusk's Distillery.
  4838 | D:5      | Bought a potion of heal wounds for 70 gold pieces
  4838 | D:5      | Bought a potion of heal wounds for 70 gold pieces
  4838 | D:5      | Bought a potion of curing for 42 gold pieces
  5248 | D:5      | Gained mutation: You are slightly more attuned to the shadows. [demonic ancestry]
  5248 | D:5      | Reached XP level 8. HP: 53/58 MP: 8/8
  5255 | D:5      | Reached skill level 9 in Axes
  5473 | D:6      | Noticed Menkaure
  5486 | D:6      | Killed Menkaure
  5501 | D:6      | Noticed Edmund
  5559 | D:6      | Killed Edmund
  5559 | D:6      | Reached **** piety under Okawaru
  6002 | D:6      | Noticed Grinder
  6041 | D:6      | Reached skill level 10 in Axes
  6044 | D:6      | Paralysed by Grinder for 5 turns
  6054 | D:6      | Killed Grinder
  6054 | D:6      | Reached skill level 1 in Armour
  6192 | D:6      | Reached XP level 9. HP: 30/65 MP: 9/9
  6799 | D:6      | Found a burning altar of Makhleb.
  6806 | D:6      | Got a smoking chain mail
  6818 | D:6      | Identified the +0 chain mail of Fedhas's Pride {rElec Regen+ Str+2 Dex+4} (You found it on level 6 of the Dungeon)
  7109 | D:7      | Found a shattered altar of Ashenzari.
  7109 | D:7      | Found a shadowy altar of Dithmenos.
  7220 | D:7      | Noticed Prince Ribbit
  8085 | D:7      | Found a shattered altar of Ashenzari.
  8085 | D:7      | Found a shadowy altar of Dithmenos.
  8376 | D:8      | Reached ***** piety under Okawaru
  8715 | D:8      | Found Osusoogurgh's Magic Scroll Boutique.
  8717 | D:8      | Got a faintly humming ring mail
  8814 | D:8      | Identified the +4 ring mail of Light {Str-4 Int+6} (You found it on level 8 of the Dungeon)
  8845 | D:8      | Reached skill level 11 in Axes
  9272 | D:8      | Killed Prince Ribbit
  9389 | D:8      | Found an iron altar of Okawaru.
  9442 | D:8      | Found a staircase to the Lair.
  9725 | D:8      | Found a sacrificial altar of Ru.
  9833 | D:9      | Reached skill level 5 in Fighting
  9878 | D:9      | Received a gift from Okawaru
  9889 | D:9      | Got an ancient hat {god gift}
  9900 | D:9      | Identified the +2 hat of Inviolability {rElec Str+4 Int+4} (Okawaru gifted it to you on level 9 of the Dungeon)
  9901 | D:9      | Found a basalt altar of Yredelemnul.
  9946 | D:9      | Gained mutation: You have a pair of small antennae on your head. [demonic ancestry]
  9946 | D:9      | Reached XP level 10. HP: 68/74 MP: 10/10
  9996 | D:9      | Found a transporter.
 10213 | D:9      | Reached skill level 5 in Dodging
 10329 | D:9      | Found a staircase to the Orcish Mines.
 10393 | D:9      | Noticed a two-headed ogre
 10402 | D:9      | Killed a two-headed ogre
 10407 | D:9      | Reached skill level 12 in Axes
 10464 | D:9      | Found a transporter.
 10486 | D:9      | You fall through a shaft!
 10486 | D:10     | Entered Level 10 of the Dungeon
 10529 | D:10     | Noticed a gargoyle
 10557 | D:10     | Killed a gargoyle
 10580 | D:10     | Noticed a two-headed ogre
 10589 | D:10     | Killed a two-headed ogre
 10889 | D:9      | Reached skill level 5 in Armour
 10905 | D:9      | Received a gift from Okawaru
 10910 | D:9      | Gained mutation: You have a pair of antennae on your head. [demonic ancestry]
 10910 | D:9      | Reached XP level 11. HP: 67/83 MP: 9/11
 11263 | D:8      | Bought a scroll of brand weapon for 300 gold pieces
 11368 | D:10     | Noticed Kenran's ghost (journeyman DgEE)
 11389 | D:10     | Killed Kenran's ghost
 12101 | Lair:1   | Entered Level 1 of the Lair of Beasts
 12517 | Lair:1   | Reached skill level 13 in Axes
 12925 | Lair:1   | Noticed a four-headed hydra
 13284 | Lair:2   | Found a dark tunnel.
 13289 | Volcano  | Entered a volcano
 13332 | Volcano  | Noticed Yermak's ghost (journeyman HaCK)
 13354 | Volcano  | Killed Yermak's ghost
 13858 | Volcano  | Found a radiant altar of Vehumet.
 13858 | Volcano  | Noticed a hell hog
 13872 | Volcano  | Killed a hell hog
 13872 | Volcano  | Received a gift from Okawaru
 13917 | Volcano  | Gained mutation: You have a pair of large antennae on your head. (SInv) [demonic ancestry]
 13917 | Volcano  | Reached XP level 12. HP: 85/92 MP: 12/12
 15072 | Lair:3   | Found a snail-covered altar of Cheibriados.
 15248 | Lair:3   | Noticed Sonja
 15261 | Lair:3   | Reached skill level 14 in Axes
 15464 | Lair:3   | Found a hole to the Spider Nest.
 15531 | Lair:3   | Got an ichor-stained war axe
 15532 | Lair:3   | Identified the +5 war axe of Ihoibed {pain, +Fly Str-5 Int+8} (You found it on level 3 of the Lair of Beasts)
 15838 | Lair:3   | Noticed Harold
 15839 | Lair:3   | Noticed a five-headed hydra
 16013 | Lair:3   | Cast into level 1 of the Abyss (Sonja)
 16033 | Abyss:1  | Upgraded the game from 0.21-a0-91-ga5031da to 0.21-a0-94-gdd6ab6a
 16107 | Lair:3   | Escaped the Abyss
 16492 | Lair:3   | Killed Harold
 16559 | Lair:3   | Killed Sonja
 16712 | Lair:4   | Received a gift from Okawaru
 16813 | Lair:4   | Found a staircase to the Shoals.
 16845 | Lair:4   | Found a labyrinth entrance.
 16912 | Lab      | Entered a labyrinth
 17236 | Lab      | Noticed a minotaur
 17254 | Lab      | Killed a minotaur
 17254 | Lab      | Reached skill level 1 in Invocations
 17254 | Lab      | Reached XP level 13. HP: 41/101 MP: 7/13
 17259 | Lab      | Got a brightly glowing steel ring
 17260 | Lab      | Got an ancient chain mail
 17386 | Lair:4   | Identified the ring "City" {Wiz Dex+6} (You found it in a labyrinth)
 17397 | Lair:4   | Identified the +1 chain mail of Pixut {rPois MR+ Str+3 Int+4} (You found it in a labyrinth)
 18271 | Lair:4   | Received a gift from Okawaru
 18582 | Lair:2   | Learned a level 6 spell: Deflect Missiles
 18871 | Lair:4   | Got a pair of transparent gloves
 18929 | Lair:4   | Identified the +0 pair of gloves "Xeabusto" {rElec Str+3} (You found it on level 4 of the Lair of Beasts)
 19520 | Lair:5   | Reached skill level 10 in Fighting
 19750 | Lair:5   | Reached skill level 15 in Axes
 20230 | Lair:6   | Entered Level 6 of the Lair of Beasts
 20435 | Lair:6   | Found a staircase to the Slime Pits.
 20715 | Lair:6   | Reached ****** piety under Okawaru
 20855 | Lair:6   | Reached skill level 5 in Invocations
 20891 | Lair:6   | Received a gift from Okawaru
 20931 | Lair:6   | Gained mutation: You regenerate a lot of health from kills. [demonic ancestry]
 20931 | Lair:6   | Reached XP level 14. HP: 88/111 MP: 6/18
 21009 | Lair:6   | Got an agate-encrusted plate armour {god gift}
 21054 | Lair:6   | Identified the +0 plate armour of Heuf {rElec Str+3 Int+6} (Okawaru gifted it to you on level 6 of the Lair of Beasts)
 21401 | Lair:6   | Found a glowing silver altar of Zin.
 21765 | Lair:6   | Received a gift from Okawaru
 23052 | D:11     | Reached skill level 10 in Dodging
 23403 | D:12     | Noticed Kirke
 23406 | D:12     | Noticed Fannar
 23421 | D:12     | Killed Kirke
 23437 | D:12     | Killed Fannar
 23571 | D:12     | Reached skill level 16 in Axes
 23651 | D:12     | Received a gift from Okawaru
 23652 | D:12     | Got a twisted broad axe {god gift}
 23653 | D:12     | Identified the +6 broad axe "Ginokk" {elec, Dex+6} (Okawaru gifted it to you on level 12 of the Dungeon)
 23833 | D:12     | Noticed Urug
 23846 | D:12     | Noticed Maurice
 23865 | D:12     | Killed Maurice
 23884 | D:12     | Killed Urug
 24466 | D:13     | Gained mutation: You occasionally shout uncontrollably at your foes. [mutagenic meat]
 24467 | D:13     | Gained mutation: You are dopey. (Int -2) [mutagenic meat]
 24468 | D:13     | Gained mutation: You are frail. (-10% HP) [mutagenic meat]
 24638 | D:13     | Received a gift from Okawaru
 24645 | D:13     | Reached XP level 15. HP: 85/107 MP: 6/21
 24700 | D:13     | Found a gate to the Vaults.
 25156 | D:14     | Reached skill level 10 in Armour
 25198 | D:14     | Found Urigam's Book Boutique.
 26135 | D:15     | Entered Level 15 of the Dungeon
 26162 | D:15     | Received a gift from Okawaru
 26255 | D:15     | Lost mutation: You are frail. (-10% HP) [mutagenic meat]
 26256 | D:15     | Gained mutation: You have sharp toenails. [mutagenic meat]
 26257 | D:15     | Gained mutation: You are very dopey. (Int -4) [mutagenic meat]
 26258 | D:15     | Gained mutation: Your spells are a little harder to cast, but a little more powerful. [mutagenic meat]
 26491 | D:15     | Gained mutation: Scrolls take you a little longer to read. [mutagenic meat]
 26492 | D:15     | Gained mutation: You are resistant to hostile enchantments. (MR+) [mutagenic meat]
 26812 | D:15     | Noticed a fire giant
 26823 | D:15     | Killed a fire giant
 26823 | D:15     | Received a gift from Okawaru
 26824 | D:15     | Found a staircase to the Depths.
 27342 | Lair:2   | Lost mutation: You are very dopey. (Int -4) [potion of mutation]
 27342 | Lair:2   | Lost mutation: You are dopey. (Int -2) [potion of mutation]
 27342 | Lair:2   | Lost mutation: Scrolls take you a little longer to read. [potion of mutation]
 27342 | Lair:2   | Lost mutation: You are resistant to hostile enchantments. (MR+) [potion of mutation]
 27342 | Lair:2   | Gained mutation: You passively map a small area around you. [potion of mutation]
 27342 | Lair:2   | Gained mutation: You are agile. (Dex +2) [potion of mutation]
 27463 | Orc:1    | Entered Level 1 of the Orcish Mines
 27734 | Orc:2    | Entered Level 2 of the Orcish Mines
 27734 | Orc:2    | Noticed Snorg
 27737 | Orc:2    | Noticed an orc warlord
 27754 | Orc:2    | Killed Snorg
 27754 | Orc:2    | Reached skill level 17 in Axes
 27761 | Orc:2    | Killed an orc warlord
 27908 | Orc:2    | Found a staircase to the Elven Halls.
 27933 | Orc:2    | Found a roughly hewn altar of Beogh.
 28020 | Orc:1    | Noticed an orc warlord
 28162 | Orc:1    | Killed an orc warlord
 28303 | Orc:1    | Found a roughly hewn altar of Beogh.
 28326 | Orc:1    | Found Vajon's Magic Scroll Shoppe.
 28471 | Orc:2    | Found a roughly hewn altar of Beogh.
 28478 | Orc:2    | Found Luiklenk's Antique Armour Emporium.
 28651 | Orc:2    | Found a roughly hewn altar of Beogh.
 28732 | Orc:2    | Noticed an orc warlord
 28740 | Orc:2    | Found Roby's Antique Weapon Boutique.
 28760 | Orc:2    | Killed an orc warlord
 28767 | Orc:2    | Found a roughly hewn altar of Beogh.
 28767 | Orc:2    | Found Viesilli's Antique Armour Shop.
 28774 | Orc:2    | Received a gift from Okawaru
 29014 | Orc:2    | Found a roughly hewn altar of Beogh.
 29029 | Orc:2    | Found Plog's Armour Shoppe.
 29042 | Orc:2    | Bought a +0 pair of boots of stealth for 161 gold pieces
 29108 | Orc:2    | Found a roughly hewn altar of Beogh.
 29198 | Orc:2    | Bought a brightly glowing leather armour for 210 gold pieces
 29307 | Orc:2    | Identified the +0 leather armour of Repulsion {rN++ Int+3} (You bought it in a shop on level 2 of the Orcish Mines)
 29664 | Orc:1    | Bought a scroll of enchant armour for 112 gold pieces
 29664 | Orc:1    | Bought a scroll of teleportation for 45 gold pieces
 29664 | Orc:1    | Bought a scroll of enchant weapon for 112 gold pieces
 30055 | Spider:1 | Entered Level 1 of the Spider Nest
 30086 | Spider:1 | Gained mutation: You are mostly covered in slimy green scales. (AC +3) [demonic ancestry]
 30086 | Spider:1 | Reached XP level 16. HP: 108/127 MP: 15/22
 30807 | Spider:1 | Slain by an entropy weaver

Vault maps used:
D:1:      dpeg_arrival_water_temple_mockup
D:2:      lemuel_crystal_altar, nicolae_overflow_crystal_walls,
          kennysheep_decorative_pillar, okawaru_metal_pillars_1_2
D:3:      first_bread, kennysheep_cross_bottleneck
D:4:      minitemple, minmay_temple_entry_glassed_door
D:5:      serial_shops, shop, shop, uniq_pikel
D:6:      kennysheep_little_box, uniq_edmund, uniq_menkaure, uniq_grinder
D:7:      grunt_temple_overflow_open, grunt_ogre_cave, minmay_fire_ice_demons,
          uniq_prince_ribbit1
D:8:      nicolae_ru_path_of_blood, kennysheep_mini_moat, lair_entry_dummy,
          serial_shops, shop
D:9:      gammafunk_steamed_eel, lemuel_mausoleum_altar_yredelemnul,
          hiddenorc1_lemuel
D:12:     uniq_maurice, uniq_kirke, uniq_urug, uniq_fannar
D:13:     grunt_vaults_entry_fortified
D:14:     serial_shops, nicolae_shop_statue_plus
D:15:     grunt_enter_depths_giant_problem, minmay_misc_feat_room
Temple:   minmay_temple_bridge_abc
Lair:1:   serial_bayou_shore_a
Lair:2:   nicolae_volcano_entry_s_turn, serial_bayou_lagoon_b
Lair:3:   spider_nest_entry_webs, kennysheep_snail_temple, uniq_sonja,
          uniq_harold
Lair:4:   elwin_shoals_entry_rocks, lab_entry_generic, grunt_megastairs_5
Lair:5:   minmay_stone_trees_medium, lemuel_old_faithful, lemuel_fruit_tree
Lair:6:   evilmike_catoblepas_cave, nicolae_slime_entry_slimehenge,
          lemuel_centaur_altar
Spider:1: nicolae_spider_ant_collections
Orc:1:    serial_shops, shop_statue, lemuel_statue_altar
Orc:2:    grunt_orc_community_town_hall, grunt_orc_community_big_house_1,
          grunt_orc_community_big_house_2, grunt_orc_community_house_1,
          grunt_orc_community_house_3, grunt_orc_community_house_1,
          grunt_orc_community_house_2, uniq_snorg
Lab:      labyrinth_hidden_loot, nicolae_lab_lava
Volcano:  volcano_lake

Skill      XL: |  1  2  3  4  5  6  7  8  9 10 11 12 13 14 15 |
---------------+----------------------------------------------+-----
Axes           | 3 4 5 6 8 10 11 12 13 14 15 16 17 | 17.9
Armour         | 1 3 5 6 7 9 10 | 10.9
Dodging        | 3 4 5 7 8 9 10 11 | 11.4
Fighting       | 5 6 8 9 10 11 12 | 12.3
Invocations    | 1 5 8 9 |  9.0
Stealth        | |  1.7

Action                   |  1- 3 |  4- 6 |  7- 9 | 10-12 | 13-15 | 16-18 || total
-------------------------+-------+-------+-------+-------+-------+-------++-------
Melee: Hand axe          |   119 |   150 |   304 |       |       |       ||   573
       War axe           |       |       |   196 |   216 |       |       ||   412
       Punch             |       |       |       |     3 |       |       ||     3
       Battleaxe         |       |       |       |   499 |  1157 |   151 ||  1807
       Executioner's axe |       |       |       |       |   290 |       ||   290
Invok: Heroism           |       |       |       |    29 |    20 |     2 ||    51
       Finesse           |       |       |       |     1 |     4 |       ||     5
Evoke: Wand              |       |       |     8 |     8 |       |       ||    16
  Use: Scroll            |     4 |     5 |     6 |    15 |    10 |       ||    40
       Potion            |     3 |     3 |     6 |     6 |     3 |     3 ||    24
 Stab: Sleeping          |     3 |     2 |     3 |       |     3 |     4 ||    15
       Distracted        |       |     2 |     1 |       |     1 |       ||     4
       Paralysed         |       |       |       |     1 |       |       ||     1
  Eat: Fruit             |     3 |       |     1 |     2 |     3 |       ||     9
       Chunk             |     1 |     3 |    16 |    20 |    45 |     3 ||    88
       Meat ration       |     1 |       |       |     2 |       |       ||     3
Armor: Robe              |    19 |     9 |       |       |       |       ||    28
       Skin              |       |    22 |    37 |       |       |       ||    59
       Ring mail         |       |    39 |    34 |       |       |       ||    73
       Leather armour    |       |       |    38 |       |       |       ||    38
       Chain mail        |       |       |    75 |   359 |   723 |       ||  1157
       Troll leather arm |       |       |       |       |    15 |    69 ||    84
Dodge: Dodged            |    67 |    53 |   209 |   388 |  1108 |   277 ||  2102
Block: Other             |     5 |     7 |    29 |    41 |       |       ||    82
       Reflection        |       |     1 |       |     1 |       |       ||     2
